Map: Invader LE

Players

Mamoulian

  • Race: Protoss Protoss
  • League: Bronze

Mindele - Winner!

  • Race: Terran Terran
  • League: Bronze

VOD

Have the link to the VOD?

Description

Time

  • Played on: May 14, 2016, 10:34 p.m.
  • Length: 7:28
Show
View Real Time Build Order
Export as new Build Order

Mamoulian Protoss 

Build Orders:  

Get SALT Encoding   

  12  0:16  Probe (Chrono Boost)  
  12  0:21  Pylon  
  13  0:27  Probe (Chrono Boost)  
  14  0:49  Gateway  
  14  0:55  Assimilator  
  14  0:57  Forge  
  14  0:58  Probe (Chrono Boost)  
  15  1:09  Probe (Chrono Boost)  
  16  1:19  Probe (Chrono Boost)  
  17  1:30  Probe (Chrono Boost)  
  18  1:40  Probe (Chrono Boost)  
  18  1:45  Photon Cannon  
  18  1:46  Pylon  
  19  1:51  Probe (Chrono Boost)  
  20  2:08  Pylon  
  20  2:15  Assimilator  
  20  2:20  Probe (Chrono Boost)  
  21  2:30  Probe (Chrono Boost)  
  21  2:33  Nexus  
  22  2:41  Probe (Chrono Boost)  
  23  2:51  Protoss Shields Level 1  
  23  3:10  Photon Cannon  
  23  3:12  Photon Cannon  
  23  3:21  Cybernetics Core  
  23  3:30  Pylon  
  23  3:38  Pylon  
  23  3:41  Pylon  
  23  3:45  Probe (Chrono Boost)  
  24  3:56  Probe (Chrono Boost)  
  25  4:04  Robotics Facility  
  25  4:06  Probe (Chrono Boost)  
  25  4:07  Protoss Air Weapons Level 1  
  26  4:17  Probe (Chrono Boost)  
  26  4:37  Pylon  
  26  4:46  Stargate  
  26  4:54  Observer  
  27  5:11  Twilight Council  
  27  5:13  Pylon  
  27  5:37  Void Ray (Chrono Boost)  
  31  6:16  Void Ray (Chrono Boost)  
  35  6:28  Forge  
  34  7:08  Photon Cannon  
Show
View Real Time Build Order
Export as new Build Order

Mindele Terran - Winner!

Build Orders:  

Get SALT Encoding   

  12  0:02  SCV  
  14  0:14  SCV  
  14  0:19  Supply Depot  
  14  0:26  SCV  
  15  0:40  SCV  
  15  0:41  Barracks  
  16  0:52  SCV  
  16  0:55  Barracks  
  17  1:04  SCV  
  17  1:11  Refinery  
  18  1:16  SCV  
  19  1:34  Supply Depot  
  19  1:35  Orbital Command  
  19  1:37  Marine  
  20  1:44  Marine  
  21  1:59  Barracks, Marine  
  22  2:01  SCV  
  22  2:06  Supply Depot  
  23  2:11  Marine  
  24  2:16  SCV  
  25  2:24  Reaper  
  25  2:28  SCV  
  27  2:33  Reaper, Barracks  
  28  2:40  SCV  
  29  2:45  Supply Depot  
  29  2:46  Marine  
  30  2:52  SCV  
  30  2:55  Refinery  
  31  2:58  Reaper  
  31  3:04  SCV  
  33  3:07  Marine  
  33  3:08  Marine  
  33  3:12  Supply Depot  
  35  3:16  SCV  
  36  3:23  Marine  
  37  3:30  Reaper  
  37  3:31  Marine  
  37  3:32  Barracks  
  39  3:50  Marine x2  
  39  3:51  Marine  
  39  3:53  Supply Depot  
  39  3:55  SCV  
  43  4:01  Marine  
  44  4:07  SCV  
  43  4:29  Marine x2  
  43  4:30  Marine x3  
  47  4:43  SCV  
  48  4:47  Factory, Marine x2  
  48  4:48  Marine  
  51  4:55  Marine, SCV  
  51  4:57  Marine  
  51  4:59  Command Center  
  54  5:06  Marine  
  54  5:07  Marine, SCV  
  57  5:16  Supply Depot  
  49  5:37  Marine x2  
  49  5:38  Marine x3  
  53  5:55  Marine x2  
  53  5:56  Marine x3  
  58  6:01  SCV  
  58  6:03  Factory Tech Lab  
  59  6:07  Armory  
  59  6:13  SCV  
  59  6:14  Marine x4  
  64  6:38  Starport  
  64  6:39  Refinery  
  62  6:41  Refinery  
  61  7:02  Marine x4  
Tags
 
Add a new tag
Caveats
  • Supply blocks, unpowered buildings, or Contaminate may cause inaccurate times.
  • Supply counts are checked every 10 seconds.